 Dungeon Crawl Stone Soup version 0.20.1-1-g8b1a95d (webtiles) character file.

2246 vineage the Carver (level 9, -6/70 HPs)
             Began as a Minotaur Berserker on Oct 27, 2017.
             Was an Elder of Trog.
             Mangled by an orc warrior
             ... wielding a +0 glaive
              (11 damage)
             ... on level 7 of the Dungeon.
             The game lasted 00:08:10 (4674 turns).

vineage the Carver (Minotaur Berserker)             Turns: 4674, Time: 00:08:11

Health: -6/70      AC:  9    Str: 19    XL:     9   Next: 15%
Magic:  8/8        EV:  6    Int:  6    God:    Trog [****..]
Gold:   372        SH:  0    Dex: 12    Spells: 8/8 levels left

rFire    . . .     SeeInvis .   u - +4 scimitar (holy)
rCold    . . .     Gourm    .   s - +0 shield
rNeg     . . .     Faith    .   o - +0 chain mail
rPois    +         Spirit   .   (helmet restricted)
rElec    .         Reflect  .   k - +0 cloak
rCorr    .         Harm     .   (no gloves)
MR       .....     Clarity  +   (no boots) Stlth ..........Rnd*Tele +
                                (no amulet)
Regen    0.3/turn               i - ring of stealth
MPRegen  0.2/turn               (no ring)

@: confused, hasted, very quick
A: retaliatory headbutt, horns 2, clarity, poison resistance, teleportitis 1,
weak 1
a: Berserk, Trog's Hand, Brothers in Arms, Burn Spellbooks, Renounce Religion


You were on level 7 of the Dungeon.
You worshipped Trog.
Trog was greatly pleased with you.
You were hungry.

You visited 1 branch of the dungeon, and saw 7 of its levels.
You also visited: Sewer.

You collected 372 gold pieces.

Inventory:

Hand Weapons
 a - a +1 falchion
 u - a +4 scimitar of holy wrath (weapon)
Armour
 b - a +0 animal skin
 k - a +0 cloak (worn)
 o - a +0 chain mail (worn)
 s - a +0 shield (worn)
Jewellery
 i - a ring of stealth (left hand)
Wands
 p - a wand of acid (2/15)
 v - a wand of iceblast (7/15)
 w - a wand of disintegration (17/24)
Scrolls
 g - 5 scrolls of fear
 h - 5 scrolls of remove curse
 j - a scroll of fog
 q - a scroll of teleportation
 A - a scroll of recharging
 B - a scroll of noise {unknown}
Potions
 d - 2 potions of magic
 e - 3 potions of curing
 f - 2 potions of ambrosia
 l - 2 potions of flight
 r - 3 potions of might
 x - a potion of degeneration {unknown}
 z - a potion of brilliance
Comestibles
 c - 5 bread rations
 m - 5 fruits
 t - a royal jelly


   Skills:
 - Level 3.6 Fighting
 + Level 12.7 Long Blades
 - Level 2.4 Armour
 - Level 2.1 Dodging
 + Level 7.1 Shields


You had 8 spell levels left.
You didn't know any spells.

Dungeon Overview and Level Annotations

Branches:
Dungeon (7/15)
 Temple: D:4-7

Altars:


Innate Abilities, Weirdness & Mutations

You reflexively headbutt those who attack you in melee.
You have a pair of horns on your head.
You possess an exceptional clarity of mind.
Your system is resistant to poisons. (rPois)
You are occasionally teleported next to monsters.
You are weak. (Str -2)


Message History

* * * LOW HITPOINT WARNING * * *
You feel better. The orc warrior barely misses you.
Something hits you but does no damage.
The orc warrior hits you from afar with a halberd.
* * * LOW HITPOINT WARNING * * *
You are confused.
You feel invigorated.
The orc warrior hits you from afar with a glaive.
* * * LOW HITPOINT WARNING * * *
You hear some strange, mumbled words.
A puff of flame appears from out of thin air!
The puff of flame hits you!
* * * LOW HITPOINT WARNING * * *
You're too confused!
You feel yourself speed up.
The orc warrior hits you from afar with a halberd.
* * * LOW HITPOINT WARNING * * *
Something hits you but does no damage.
The orc warrior hits you from afar with a glaive!
You die...

...........###
#......#
........#)...#####
#.>....#
#................#
#......#
..............#.##
########
...#####.........#####
# ...
#####.........#..
##........... ##
#...........
.).########@.........
#....>.o.o{..........
#......Ooo#..........
#......ooo#..........
........o.##.........
#.........###.....#..
#..>......# ####### #
#.........#
#.........#


You could see 2 orc warriors, an ogre and 6 orcs.

Vanquished Creatures
  Grinder (D:5)
  Prince Ribbit (D:6)
  Menkaure (D:6)
  A black bear (D:6)
  A sky beast (D:6)
  A centaur (D:7)
  An ogre (D:5)
  A big kobold (D:7)
  3 bullfrogs
  2 scorpions
  A howler monkey (D:4)
  2 bullfrog zombies
  A crimson imp (D:5)
  4 hounds
  2 orc priests
  5 orc wizards
  3 iguanas
  8 worker ants
  2 hound zombies (D:5)
  A hound skeleton (D:6)
  5 gnolls
  9 adders
  2 shadow imps (D:5)
  An adder zombie (D:7)
  2 worms
  6 leopard geckos
  16 orcs
  2 ball pythons
  10 giant cockroaches
  8 goblins
  6 hobgoblins
  4 jackals
  4 quokkas
  5 bats
  10 frilled lizards
  A jackal skeleton (D:5)
  13 kobolds
  10 rats
156 creatures vanquished.

Notes
Turn   | Place    | Note
-------+----------+-------------------------------------------
     0 | D:1      | vineage the Minotaur Berserker began the quest for the Orb.
     0 | D:1      | Reached XP level 1. HP: 19/19 MP: 0/0
   295 | D:1      | Reached skill level 4 in Long Blades
   315 | D:1      | Reached XP level 2. HP: 17/26 MP: 1/1
   539 | D:1      | Reached skill level 5 in Long Blades
   560 | D:1      | Reached XP level 3. HP: 30/31 MP: 2/2
   726 | D:2      | Reached ** piety under Trog
   814 | D:2      | Gained mutation: You are weak. (Str -2) [potion of mutation]
   814 | D:2      | Gained mutation: You are occasionally teleported next to monsters. [potion of mutation]
   814 | D:2      | Gained mutation: Your system is resistant to poisons. (rPois) [potion of mutation]
   814 | D:2      | Gained mutation: You possess an exceptional clarity of mind. [potion of mutation]
  1144 | D:3      | Reached XP level 4. HP: 25/39 MP: 3/3
  1147 | D:3      | Reached skill level 6 in Long Blades
  1152 | D:3      | Reached skill level 1 in Shields
  1456 | D:3      | Found a glowing drain.
  1459 | D:3      | Reached XP level 5. HP: 44/45 MP: 4/4
  1471 | Sewer    | Entered a sewer
  1617 | Sewer    | Reached *** piety under Trog
  1640 | Sewer    | Reached skill level 7 in Long Blades
  1687 | Sewer    | Reached XP level 6. HP: 37/51 MP: 5/5
  1883 | D:4      | Reached skill level 8 in Long Blades
  2322 | D:4      | Reached XP level 7. HP: 57/57 MP: 6/6
  2548 | D:4      | Reached skill level 9 in Long Blades
  2882 | D:5      | Entered Level 5 of the Dungeon
  3336 | D:5      | Reached skill level 5 in Shields
  3476 | D:5      | Reached **** piety under Trog
  3476 | D:5      | Reached skill level 10 in Long Blades
  3629 | D:5      | Noticed Grinder
  3634 | D:5      | Paralysed by Grinder for 4 turns
  3639 | D:5      | Killed Grinder
  3639 | D:5      | Reached XP level 8. HP: 64/64 MP: 7/7
  3811 | D:6      | Noticed Menkaure
  3814 | D:6      | Killed Menkaure
  3876 | D:6      | Noticed Prince Ribbit
  3887 | D:6      | Reached skill level 11 in Long Blades
  3908 | D:6      | Killed Prince Ribbit
  4144 | D:6      | Reached skill level 12 in Long Blades
  4302 | D:6      | Reached XP level 9. HP: 44/70 MP: 8/8
  4674 | D:7      | Mangled by an orc warrior

Skill      XL: |  1  2  3  4  5  6  7  8  9 |
---------------+----------------------------+-----
Long Blades    | 4 5 6 7 8 10 12 | 12.7
Shields        | 1 2 4 5 6 7 |  7.1
Fighting       | |  3.6
Armour         | |  2.4
Dodging        | |  2.1

Action                   |  1- 3 |  4- 6 |  7- 9 || total
-------------------------+-------+-------+-------++-------
Melee: Falchion          |    78 |    92 |       ||   170
       Headbutt          |     9 |    22 |    27 ||    58
       Scimitar          |       |    30 |   181 ||   211
Invok: Berserk           |       |       |     1 ||     1
       Trog's Hand       |       |       |     1 ||     1
  Use: Scroll            |    10 |     1 |     6 ||    17
       Potion            |     1 |     1 |     3 ||     5
 Stab: Sleeping          |     1 |       |       ||     1
  Eat: Chunk             |       |     4 |     4 ||     8
       Meat ration       |       |       |     1 ||     1
Armor: Animal skin       |     2 |       |       ||     2
       Chain mail        |    52 |    72 |    64 ||   188
Dodge: Dodged            |    62 |    34 |    27 ||   123
Block: Shield            |    27 |    56 |    67 ||   150
       Rpst.: Falchion   |    18 |     8 |       ||    26
       Scimitar          |       |       |     6 ||     6
